 Dungeon Crawl Stone Soup version 0.32-a0-732-ga344392067 (webtiles) character file.

Game seed: 10550628446715180126

477 gimp the Digger (level 6, 0/45 HPs)
             Began as an Armataur Earth Elementalist on Mar 16, 2024.
             Slain by a hound (3 damage)
             ... on level 5 of the Dungeon.
             The game lasted 00:04:07 (2984 turns).

gimp the Digger (Armataur Earth Elementalist)       Turns: 2984, Time: 00:04:07

Health: 0/45       AC:  4    Str: 14    XL:     6   Next: 85%
Magic:  10/10      EV:  8    Int: 17    God:
Gold:   96         SH:  0    Dex: 10    Spells: 7/11 levels left

rFire   . . .        h - staff of earth
rCold   . . .        (no shield)
rNeg    . . .        a - +0 robe
rPois   .            (no helmet)
rElec   .            (no cloak)
rCorr   .            (no gloves)
SInv    .            (no barding)
Will    .....        (no amulet)
Stlth   ++           (no ring)
HPRegen 0.27/turn    (no ring)
MPRegen 0.45/turn

%: roll
@: studying Earth Magic
A: large, deformed body, tough skin 3, armoured tail, rollpage 1
a: no special abilities


You were on level 5 of the Dungeon.
You visited 1 branch of the dungeon, and saw 5 of its levels.

You collected 96 gold pieces.

Inventory:

Armour
 a - a +0 robe (worn)
Magical Staves
 h - a staff of earth (weapon)
Scrolls
 c - 2 scrolls of identify {unknown}
 e - 2 scrolls of blinking {unknown}
 f - 2 scrolls of teleportation {unknown}
 g - 2 scrolls of immolation {unknown}
 i - a scroll of fog {unknown}
 j - a scroll of noise {unknown}
 k - a scroll of vulnerability {unknown}
Potions
 d - a potion of lignification


   Skills:
 - Level 1.3 Dodging
 - Level 2.1 Stealth
 + Level 3.1 Spellcasting
 * Level 4.1 Conjurations
 * Level 5.6 Earth Magic


You had 7 spell levels left.
You knew the following spells:

 Your Spells              Type           Power      Damage    Failure   Level
a - Sandblast             Erth           64%        2d14      1%          1
b - Stone Arrow           Conj/Erth      58%        3d10      7%          3

Your spell library contained the following spells:

 Spells                   Type           Power      Damage    Failure   Level
 Passwall                 Erth           32%        N/A       4%          3
 Brom's Barrelling Bould  Conj/Erth      29%        2d5       22%         4
 Petrify                  Alch/Erth      18%        N/A       47%         4


Dungeon Overview and Level Annotations

Branches:
Dungeon (6/15)
 Temple: D:4-7

Altars:
Yredelemnul
Zin

Shops:
D:1 :


Innate Abilities, Weirdness & Mutations

Armour fits poorly on your strangely shaped body.
You have extremely tough skin. (AC +3)
You have a long armoured tail.
You regenerate magic when rolling toward enemies. (Rampage MPRegen)


Message History

Casting: Sandblast (safe; 1% risk of failure)
Confirm with . or Enter, or press ? or * to list all spells.
Aiming: Sandblast (safe; 1% risk of failure)
Press: ? - help, Shift-Dir - straight line, f/p - phantom
Aim: a phantom (severely damaged, 78% to hit)
You feel a surge of power!
The blast of sand hits the phantom!
You destroy the phantom!
Your Spellcasting skill increases to level 3!
Your Conjurations skill increases to level 4!
You now have 7/10 mp.
A white imp comes into view.
You regained 7 hp, and now have 41/45 hp.
MP restored: 10 You roll towards the white imp!
Casting: Sandblast (safe; 1% risk of failure)
Confirm with . or Enter, or press ? or * to list all spells.
Aiming: Sandblast (safe; 1% risk of failure)
Press: ? - help, Shift-Dir - straight line, f - white imp
Aim: a white imp (wandering, hasn't noticed you, 84% to hit)
You feel a surge of power!
The blast of sand hits the white imp!
You kill the white imp!
Casting: Sandblast (safe; 1% risk of failure)
Confirm with . or Enter, or press ? or * to list all spells.
You can't see any susceptible monsters within range! (Use Z to cast anyway.)
Found a stone staircase leading up.
Health restored: 45 A gnoll comes into view.
It is wielding a +0 whip.
A gnoll comes into view. It is wielding a +0 club.
Casting: Sandblast (safe; 1% risk of failure)
Confirm with . or Enter, or press ? or * to list all spells.
Aiming: Sandblast (safe; 1% risk of failure)
Press: ? - help, Shift-Dir - straight line, f - gnoll
Aim: a gnoll, wielding a +0 whip (asleep, 100% to hit)
You feel a surge of power!
The blast of sand hits the gnoll!
You kill the gnoll!
You now have 9/10 mp.
Casting: Sandblast (safe; 1% risk of failure)
Confirm with . or Enter, or press ? or * to list all spells.
Aiming: Sandblast (safe; 1% risk of failure)
Press: ? - help, Shift-Dir - straight line, f - gnoll
Aim: a gnoll, wielding a +0 club (wandering, hasn't noticed you, 86% to hit)
You feel a surge of power!
The blast of sand hits the gnoll.
The gnoll is moderately wounded.
The gnoll shouts!
A hound comes into view.
A gnoll sergeant comes into view. It is wielding a +0 trident.
You now have 8/10 mp.
Casting: Sandblast (safe; 1% risk of failure)
Confirm with . or Enter, or press ? or * to list all spells.
Aiming: Sandblast (safe; 1% risk of failure)
Press: ? - help, Shift-Dir - straight line, f/p - gnoll
Aim: a gnoll, wielding a +0 club (moderately wounded, 86% to hit)
You feel a surge of power!
The blast of sand hits the gnoll!
You kill the gnoll!
The hound barks!
The gnoll sergeant shouts!
You hear a shout! x3
You now have 7/10 mp.
You roll towards the hound!
A gnoll comes into view. It is wielding a +0 spear.
The gnoll shouts!
The hound misses you.
The gnoll sergeant hits you from afar with a +0 trident!
The hound bites you.
You take 10 damage, and have 35/45 hp.
MASSIVE DAMAGE!!
Casting: Sandblast (safe; 1% risk of failure)
Confirm with . or Enter, or press ? or * to list all spells.
Aiming: Sandblast (safe; 1% risk of failure)
Press: ? - help, Shift-Dir - straight line, f - hound
Aim: a hound (78% to hit)
You feel a surge of power!
The blast of sand misses the hound.
The hound barely misses you.
The gnoll sergeant hits you from afar with a +0 trident!
A gnoll comes into view. It is wielding a +0 spear.
The hound bites you.
The gnoll sergeant hits you from afar with a +0 trident!
* * * LOW HITPOINT WARNING * * *
You take 24 damage, and have 11/45 hp.
MASSIVE DAMAGE!!
The hound bites you.
* * * LOW HITPOINT WARNING * * *
You take 2 damage, and have 9/45 hp.
It was a potion of lignification.
You turn into a tree.
Your +0 robe melds into your body.
Your roots penetrate the ground.
The hound bites you but does no damage.
The gnoll sergeant hits you from afar with a +0 trident.
* * * LOW HITPOINT WARNING * * *
You now have 12/67 hp.
Okay, then.
Casting: Sandblast (safe; 1% risk of failure)
Confirm with . or Enter, or press ? or * to list all spells.
Okay, then.
You aren't carrying any items that you can evoke.
Unknown command.
It was a potion of cancellation.
Your magical effects are unravelling.
You feel magically purged.
You feel less wooden.
Your +0 robe unmelds from your body.
The hound barely misses you.
The gnoll sergeant hits you from afar with a +0 trident.
* * * LOW HITPOINT WARNING * * *
The hound bites you.
You die...

######### #........
######### #........
#.......#########........
#........................
#.......#########.######
....<.........# #.#######
#.......#####@# #........
######### #h# #........
#g# #........ #...g#
#.######## #.)g.#
#........# #.....
###.####.##### .g....#
##### #...... ####.###
##>## #...... .. ß...ß
#......


You could see a gnoll sergeant, a hound and 2 gnolls.

Vanquished Creatures
  A phantom (D:5)
  Blork the orc (D:5)
  A scorpion (D:5)
  2 hounds (D:5)
  2 iguanas
  A sleepcap (D:5)
  2 gnolls (D:5)
  3 adders
  A white imp (D:5)
  A dart slug (D:2)
  2 ribbon worms
  3 orcs (D:5)
  4 ball pythons (D:2)
  8 endoplasms
  2 giant cockroaches
  13 goblins
  7 hobgoblins
  5 quokkas
  5 bats
  3 frilled lizards
  5 kobolds
  5 rats
77 creatures vanquished.

Notes
Turn   | Place    | Note
-------+----------+-------------------------------------------
     0 | D:1      | gimp the Armataur Earth Elementalist began the quest for
                  | the Orb.
     0 | D:1      | Reached XP level 1. HP: 14/14 MP: 3/3
    35 | D:1      | Reached skill level 1 in Conjurations
   195 | D:1      | Reached XP level 2. HP: 20/20 MP: 1/4
   258 | D:1      | Found Qionyece's Book Shoppe.
   297 | D:1      | Reached skill level 3 in Earth Magic
   622 | D:1      | Reached XP level 3. HP: 26/26 MP: 6/6
   626 | D:1      | Learned a level 3 spell: Stone Arrow
  1143 | D:2      | Found a basalt altar of Yredelemnul.
  1430 | D:2      | Found a faded altar of an unknown god.
  1496 | D:2      | Reached XP level 4. HP: 33/33 MP: 4/7
  2090 | D:3      | You fall into a shaft and drop 3 floors!
  2110 | D:6      | Reached XP level 5. HP: 38/38 MP: 2/8
  2187 | D:5      | Entered Level 5 of the Dungeon
  2199 | D:5      | Reached skill level 4 in Earth Magic
  2647 | D:5      | Found a glowing silver altar of Zin.
  2754 | D:5      | Noticed Blork the orc
  2760 | D:5      | Killed Blork the orc
  2761 | D:5      | Reached XP level 6. HP: 37/45 MP: 0/10
  2853 | D:5      | Reached skill level 5 in Earth Magic
  2984 | D:5      | Slain by a hound

Illustrated notes

Levels and vault maps discovered:
D:1:      saegor_arrival_simple_b, layout_loops_ring, serial_shops,
          nicolae_shop_advertising_works [nicolae_subvault_shop_adworks],
          minmay_stone_trees_large
D:2:      layout_rooms, shapermc_ecumenical_altar_mp_vishouse, basic_altar,
          grunt_decor_cap, minmay_misc_feat_iff
D:3:      layout_basic, serial_curves, eino_curves_03, eino_curves_02,
          serial_bayou_lagoon_a, minmay_goblin_outpost
D:5:      layout_basic, nicolae_overflow_hidden_temple, st_stairs_6,
          uniq_blork_the_orc
D:6:      layout_loops_ring, nicolae_overflow_quartered_altars, serial_undead,
          serial_undead_d, serial_undead_b, serial_undead_d, serial_undead_d

Skill      XL: |  1  2  3  4  5  6 |
---------------+-------------------+-----
Conjurations   | 1 2 3 4 |  4.1
Earth Magic    | 3 4 5 |  5.6
Spellcasting   | 2 3 |  3.1
Dodging        | |  1.3
Stealth        | |  2.1

Action                     |  1- 3 |  4- 6 || total
---------------------------+-------+-------++-------
  Melee: Unarmed           |     6 |       ||     6
         Staff             |     1 |    11 ||    12
         Tailslap          |       |     1 ||     1
   Cast: Sandblast         |    66 |    61 ||   127
         Stone Arrow       |       |     5 ||     5
    Use: Potion            |       |     3 ||     3
 Armour: Robe              |    32 |    73 ||   105
         Skin              |       |     2 ||     2
  Dodge: Dodged            |     8 |    43 ||    51

Table legend: (Time is in decaauts)
 A = Elapsed time spent in this place.
 B = Non-inter-level travel time spent in this place.
 C = Inter-level travel time spent in this place.
 D = Time resting spent in this place.
 E = Time spent auto-exploring this place.
 F = Levels seen in this place.
 G = Mean time per level.
                   A        B        C        D        E       F      G
               +--------+--------+--------+--------+--------+-----+--------+
         Total |   3051 |   3025 |     26 |    119 |   2382 |   5 |  610.2 |
       Dungeon |   3051 |   3025 |     26 |    119 |   2382 |   5 |  610.2 |
               +--------+--------+--------+--------+--------+-----+--------+

Top non-repeatable levels by time:
     D:1: 919 daAuts
     D:2: 864 daAuts
     D:5: 810 daAuts
     D:3: 358 daAuts
     D:6: 99 daAuts
